 Dungeon Crawl Stone Soup version 0.27-a0-1557-g57f10a385c (webtiles) character file.

Game seed: 4196678329017873945

23 Sin92 the Skirmisher (level 2, 0/24 HPs)
             Began as a Demonspawn Fighter on July 15, 2021.
             Slain by a gnoll (1 damage)
             ... on level 1 of the Dungeon.
             The game lasted 00:00:33 (467 turns).

Sin92 the Skirmisher (Demonspawn Fighter)            Turns: 467, Time: 00:00:33

Health: 0/24       AC:  6    Str: 16    XL:     2   Next: 75%
Magic:  2/2        EV:  7    Int:  9    God:
Gold:   11         SH:  8    Dex: 12    Spells: 1/1 levels left

rFire    . . .     SeeInvis .   a - +0 war axe
rCold    . . .     Faith    .   c - +0 kite shield
rNeg     . . .     Spirit   .   b - +0 scale mail
rPois    .         Reflect  .   (helmet restricted)
rElec    .         Harm     .   (no cloak)
rCorr    .         Rampage  .   (no gloves)
Will     .....                  (no boots)
Stlth    ..........             (no amulet)
HPRegen  0.08/turn              (no ring)
MPRegen  0.08/turn              (no ring)

@: no status effects
A: antennae 1
a: no special abilities


You were on level 1 of the Dungeon.
You visited 1 branch of the dungeon, and saw 1 of its levels.

You collected 11 gold pieces.

Inventory:

Hand Weapons
 a - a +0 war axe (weapon)
Armour
 b - a +0 scale mail (worn)
 c - a +0 kite shield (worn)
Scrolls
 e - a scroll of blinking {unknown}
Potions
 d - a potion of might


   Skills:
 + Level 3.2 Fighting
 + Level 2.1 Axes
 + Level 2.9 Armour
 + Level 0.7 Dodging
 + Level 2.9 Shields


You had one spell level left.
You didn't know any spells.
Your spell library was empty.

Dungeon Overview and Level Annotations

Branches:
Dungeon (1/15)

Altars:


Innate Abilities, Weirdness & Mutations

You have a pair of small antennae on your head.


Message History

Unknown command.
There are monsters nearby!
The gnoll hits you with a +0 flail.
You see here a +0 dagger.
Unknown command.
There are monsters nearby!
You hit the gnoll.
The gnoll is moderately wounded.
A rat comes into view.
The gnoll hits you with a +0 flail!
Unknown command.
There are monsters nearby!
You are too injured to fight recklessly!
Unknown command.
There are monsters nearby!
You are too injured to fight recklessly!
Unknown command.
There are monsters nearby!
You are too injured to fight recklessly!
Unknown command.
There are monsters nearby!
You are too injured to fight recklessly!
As you read the scroll labelled ASOJIF PAE, it crumbles to dust.
You assume a fearsome visage.
The endoplasm looks frightened!
The rat looks frightened!
The gnoll looks frightened!
It was a scroll of fear.
A bat comes into view.
The gnoll prays for help.
The endoplasm jiggles.
The bat barely misses you. The bat barely misses you.
You hit the gnoll.
Your attack snaps the gnoll out of its fear.
The gnoll is heavily wounded.
You barely miss the bat. You block the bat's attack.
The gnoll cries, "Mercy!"
The gnoll hits you with a +0 flail!
Ouch! That really hurt!
* * * LOW HITPOINT WARNING * * *
The bat hits you but does no damage. The gnoll hits you with a +0 flail.
You die...

... .... ..... ..... .....####
..## ###..bg@# .#.#.#. ........#
#...>....... ........#
..#.#.#.#.#. J..#....#
##.......... #+######### #.?..#
..#.#.#.#.#. ..........# #....#
...#........
#######.#.###...)####...#.....#..
.....#.##.##............#.....#..
#'###.#.#.##.....†.....##........


You could see a gnoll, an endoplasm (fleeing) and a bat.

Vanquished Creatures
  2 dart slugs (D:1)
  2 endoplasms (D:1)
  A hobgoblin (D:1)
  4 jackals (D:1)
  A kobold (D:1)
  A quokka (D:1)
  A ball python (D:1)
  3 bats (D:1)
  2 rats (D:1)
17 creatures vanquished.

Notes
Turn   | Place    | Note
-------+----------+-------------------------------------------
     0 | D:1      | Sin92 the Demonspawn Fighter began the quest for the Orb.
     0 | D:1      | Reached XP level 1. HP: 18/18 MP: 1/1
    62 | D:1      | Gained mutation: You have a pair of small antennae on your
                  | head. [demonic ancestry]
    62 | D:1      | Reached XP level 2. HP: 22/24 MP: 2/2
   466 | D:1      | HP: 1/24 [gnoll (12)]
   467 | D:1      | Slain by a gnoll

Illustrated notes

Levels and vault maps discovered:
D:1:      matt_arrival_los_fun, layout_basic, st_stairs_13

Skill      XL: |  1  2 |
---------------+-------+-----
Axes           | 2 |  2.1
Fighting       | |  3.2
Armour         | |  2.9
Dodging        | |  0.7
Shields        | |  2.9

Action                   || total
-------------------------++-------
Melee: War axe           ||    35
  Use: Scroll            ||     1
Armor: Scale mail        ||    30
Dodge: Dodged            ||    11
Block: Kite shield       ||    25

Table legend: (Time is in decaauts)
 A = Elapsed time spent in this place.
 B = Non-inter-level travel time spent in this place.
 C = Inter-level travel time spent in this place.
 D = Time resting spent in this place.
 E = Time spent auto-exploring this place.
 F = Levels seen in this place.
 G = Mean time per level.
                   A        B        C        D        E       F      G
               +--------+--------+--------+--------+--------+-----+--------+
         Total |    489 |    489 |      0 |     75 |    325 |   1 |  489.0 |
       Dungeon |    489 |    489 |      0 |     75 |    325 |   1 |  489.0 |
               +--------+--------+--------+--------+--------+-----+--------+

Top non-repeatable levels by time:
     D:1: 489 daAuts
